[Event "Memorial Ukrainian Chess Warriors 2024"]
[Site "Lviv"]
[Date "2024.03.15"]
[Round "7.20"]
[White "Marchyshyn, Vasyl"]
[Black "Petrov, Vladimir Sergeev"]
[Result "0-1"]
[ECO "C01"]
[WhiteElo "1753"]
[BlackElo "2349"]
[Annotator "TA"]
[PlyCount "76"]
[EventDate "2024.03.06"]
[EventType "swiss"]
[EventCountry "UKR"]
[SourceTitle "playchess.com"]
[Source "ChessBase"]
[SourceQuality "1"]
[TimeControl "600+5"]

1. e4 e6 2. d4 d5 3. exd5 exd5 4. Nf3 Nc6 5. c3 Bd6 6. Bd3 Nge7 7. O-O Bg4 8. Nbd2 Qd7 9. Re1 O-O-O 10. b4 f6 11. a4 g5 ({Besser ist} 11... Ng6 $14) 12. a5 (12. Nb3 $16) 12... Bf5 13. Nb3 (13. Be2 $16) 13... Bxd3 $14 14. Qxd3 Nf5 (14... Qf5 $14 15. Qxf5+ Nxf5) 15. b5 $16 Nce7 (15... Nb8 $16) 16. Nc5 $36 {[%emt 0:01:26][%mdl 2048] Schwarz steht unter starkem Druck.} Bxc5 17. dxc5 Rhe8 $2 {[%emt 0:00:25] [#]} (17... Kb8 {war einen Versuch wert.} 18. a6 g4 19. axb7 (19. Nd4 Nxd4 20. Qxd4 Nf5 $18) 19... gxf3) 18. c6 $1 bxc6 {[%emt 0:00:11] [#]} 19. b6 Kb7 {[%emt 0:02:58][%cal Bc8b7,Bb7a8,Ba8b8][%mdl 32] Verhindert Qa6+} (19... cxb6 $2 20. axb6 Qb7 21. bxa7 $18 (21. Rxa7 Qxb6 22. Ra6 Qb7 $18)) 20. a6+ $1 {[%emt 0:01:48][%mdl 1024] Weiss hat starke Kompensation.} Ka8 21. b7+ Kb8 22. Ba3 $1 Ng6 {[%emt 0:01:26] [#]} 23. Nd4 $1 Nd6 (23... Nxd4 24. Qxd4 (24. cxd4 Nf4 $11) 24... Rxe1+ 25. Rxe1 Re8) 24. Bxd6 $2 (24. Qh3 $18 {Weiss will mit Qxd7 Matt setzen.} Rxe1+ 25. Rxe1) 24... cxd6 $14 25. Qc2 c5 {[%emt 0:00:13] Das Brett brennt.} 26. Nf5 ({Vorzuziehen ist} 26. Qf5 Qxf5 (26... cxd4 $2 {zu gefräßig.} 27. Qxd7 Ne5 28. Qxh7 $18) (26... Rxe1+ $2 27. Rxe1 Qxf5 28. Nxf5 $18) 27. Nxf5) 26... Re5 $11 27. Ne3 f5 28. Red1 Qe6 {[%emt 0:00:01] Droht stark ...f4.} 29. c4 (29. Qa2 $15) 29... d4 $19 30. Nd5 Nf4 {[%emt 0:00:01] Gegen Qd3 gerichtet.} 31. Nxf4 gxf4 32. Qd2 (32. Qd3 $17) 32... Re4 $2 (32... f3 $19 {bietet bessere Gewinnchancen.} 33. Qc1 Rf8) 33. Qa5 $2 (33. Qd3 $17 {war die entscheidende Verteidigung.}) 33... Rg8 34. Re1 {[%emt 0:00:06] Verhindert f3} (34. Qa3 $142 Qxc4 35. g3) 34... f3 35. g3 f4 {[%emt 0:00:33] Aktives Gegenspiel! Schwarz setzt Matt.} 36. Rxe4 {[%emt 0:00:06] [#]} Qh3 $1 37. Qc7+ Kxc7 38. b8=Q+ Rxb8 {[%emt 0:00:07] Kein schönes Erlebnis für Weiß.   Gewichteter Fehlerwert: Weiß=0.80/Schwarz=0.28 (präzise) .  Verlustzug:     	Weiß=1     	---        Gewinn verpasst:   	Weiß=1     	---        Fehler:       	Weiß=7     	Schwarz=6     Ungenau:       	Weiß=2     	Schwarz=2     OK:         	Weiß=6     	Schwarz=8     Bester:       	Weiß=1     	Schwarz=2     Stark:        	Weiß=3     	---} 0-1

[Event "Memorial Ukrainian Chess Warriors 2024"]
[Site "Lviv"]
[Date "2024.03.15"]
[Round "7.21"]
[White "Semenov, Dmytro"]
[Black "Sokhanskyi, Rostyslav"]
[Result "1/2-1/2"]
[ECO "B12"]
[WhiteElo "2370"]
[BlackElo "1603"]
[Annotator "TA"]
[PlyCount "77"]
[EventDate "2024.03.06"]
[EventType "swiss"]
[EventCountry "UKR"]
[SourceTitle "playchess.com"]
[Source "ChessBase"]
[SourceQuality "1"]
[TimeControl "600+5"]

1. e4 c6 2. d4 d5 3. e5 c5 4. dxc5 e6 5. a3 Bxc5 6. Qg4 Ne7 7. Qxg7 Ng6 8. Qh6 {[%emt 0:02:55] Dodges Qh4. The position is equal.} Qb6 9. Nh3 Nc6 10. Be2 Nd4 11. Qd2 (11. Bd3 $15) 11... Nxe5 (11... Bd7 $17 {[%cal Og6h4] aiming for ...Nh4!} 12. Bh5 Qc7 (12... Nxe5 13. O-O $15)) 12. b4 $11 Bd6 {[%emt 0:01:39] ...Rg8 would now be deadly.} 13. Bb2 $1 Nxe2 14. Qxe2 Qc7 $2 {[%emt 0:00:29] [#]} (14... f6 $1 $11 {and Black has nothing to worry.}) 15. f4 ({White should play} 15. Nc3 $1 $18 {[%cal Rc3b5] Hoping for Nb5.} Qc4 16. f4) 15... Ng6 $16 16. Bxh8 Nxh8 17. O-O Bd7 18. Nd2 O-O-O 19. c4 Kb8 20. Rac1 dxc4 21. Nxc4 ({And not} 21. Rxc4 Bb5 $11) (21. Qxc4 $6 Qb6+ 22. Rf2 Ng6 $16 (22... Rc8 23. Qf1 $16)) 21... Bb5 22. Qe4 ({Better is} 22. Qa2 $18) 22... Bc6 $2 {[%emt 0:00:14] A mistake that costs the game.} (22... Ng6 $16 {is a better defense.}) 23. Qxh7 $18 Ng6 (23... f6 $142 24. Qc2 (24. Qxc7+ Bxc7 25. Rfe1 Rc8 $18) 24... Nf7) 24. Nxd6 Qxd6 25. Rcd1 {[%emt 0:00:40] Prevents Qd4+} ({Much less strong is} 25. Qxf7 Nh4 26. Rfd1 Bd5 $18) 25... Qc7 26. Rxd8+ Qxd8 27. Qxf7 Nh4 28. Qxe6 Bxg2 29. Qe5+ Ka8 30. Ng5 Bxf1 31. Kxf1 {[%emt 0:00:01][%mdl 4096] Endgame. KQN-KQN} Qd1+ 32. Qe1 Qd3+ 33. Qe2 Qd8 34. Ne6 Qc8 35. Kf2 a6 36. Qe4 {[%emt 0:00:09] [#] Strongly threatening Kg3.} Qc3 (36... Qg8 37. a4 Ka7) 37. Nc5 Qg7 38. f5 ({Less strong is} 38. Nxa6 Qb2+ 39. Kg3 Qxa3+ 40. Kxh4 Qxa6 $16) 38... Qg5 39. Qxb7# {[%emt 0:00:02][%mdl 32768] Weighted Error Value: White=0.14 (very precise) /Black=0.59.  Loses game:     	---       	Black=2      Mistake:       	White=3     	Black=3      Inaccurate:     	White=1     	Black=1      OK:         	White=17    	Black=13     Best:        	White=3     	Black=2      Strong:       	White=1     	---       . An unexpected result.} 1/2-1/2

[Event "Memorial Ukrainian Chess Warriors 2024"]
[Site "Lviv"]
[Date "2024.03.15"]
[Round "7.22"]
[White "Pivnev, Vladyslav"]
[Black "Podolskyi, Mykhailo"]
[Result "0-1"]
[ECO "A11"]
[WhiteElo "1597"]
[BlackElo "2331"]
[Annotator "TA"]
[PlyCount "56"]
[EventDate "2024.03.06"]
[EventType "swiss"]
[EventCountry "UKR"]
[SourceTitle "playchess.com"]
[Source "ChessBase"]
[SourceQuality "1"]
[TimeControl "600+5"]

1. c4 c6 2. g3 d5 3. Bg2 Nf6 4. Nf3 dxc4 5. Qc2 b5 6. a4 Bb7 7. Ne5 {[%emt 0:00:17] [#] Strongly threatening axb5.} a6 8. axb5 {[%emt 0:00:11] The position is equal.} axb5 9. Rxa8 Bxa8 10. Na3 (10. d3 $11) 10... Qc7 11. f4 e6 12. Nxb5 cxb5 13. Bxa8 Bd6 14. d4 $2 {[%emt 0:01:03][%mdl 8192] This move loses the game for White.} (14. b3 $11) 14... Qa5+ $19 {[%emt 0:00:13] Black is clearly winning.} 15. Bd2 Qxa8 16. Rf1 Nc6 17. Bc3 O-O {[%emt 0:00:31] [#] ...b4 is the strong threat.} 18. f5 exf5 19. Rxf5 Qa1+ 20. Kf2 Nxe5 21. dxe5 Bc5+ 22. Kg2 Ng4 {[%emt 0:00:15] ( -> ...Ne3+)} 23. Kh3 Ne3 24. Qe4 {[%emt 0:00:02] Wards off Qh1} Nxf5 25. Qxf5 Qa6 26. g4 Qh6+ 27. Kg2 Qc6+ 28. e4 Qe6 {[%emt 0:00:01] Weighted Error Value: White=1.52/Black=0.33.  Loses game:     	White=1     	---        Mistake:       	White=1     	---        Inaccurate:     	White=1     	---        OK:         	White=4     	Black=4      Best:        	White=1     	---} 0-1

[Event "Memorial Ukrainian Chess Warriors 2024"]
[Site "Lviv"]
[Date "2024.03.15"]
[Round "7.23"]
[White "Karpinets, Andrian"]
[Black "Dovgaliuk, Oleksandr"]
[Result "0-1"]
[ECO "B12"]
[WhiteElo "1681"]
[BlackElo "1936"]
[Annotator "RC"]
[PlyCount "66"]
[EventDate "2024.03.06"]
[EventType "swiss"]
[EventCountry "UKR"]
[SourceTitle "playchess.com"]
[Source "ChessBase"]
[SourceQuality "1"]
[TimeControl "600+5"]

1. e4 c6 2. d4 d5 3. e5 Bf5 4. Nf3 e6 5. Be2 Nd7 6. O-O a5 7. a4 f6 8. Bf4 Qc7 9. Qd2 fxe5 10. Nxe5 Bd6 11. Re1 Ngf6 12. Nxd7 Bxf4 13. Nxf6+ gxf6 14. Bh5+ Bg6 15. Qe2 Qf7 16. Bg4 f5 17. Bf3 Kd7 18. Nd2 Rae8 19. g3 Bc7 20. Ra3 h5 21. h4 f4 22. Bg2 e5 23. dxe5 Rxe5 24. Qd1 Bxc2 25. Bh3+ Kd8 26. Qc1 Rxe1+ 27. Qxe1 Re8 28. Qc1 fxg3 29. Rf3 gxf2+ 30. Rxf2 Bb6 31. Qf1 Rf8 32. Kh1 Qxf2 33. Qxf2 Rxf2 0-1

[Event "Memorial Ukrainian Chess Warriors 2024"]
[Site "Lviv"]
[Date "2024.03.15"]
[Round "7.25"]
[White "Pastukhov, Igor"]
[Black "Kipen, Svyatoslav"]
[Result "1-0"]
[ECO "D20"]
[WhiteElo "2125"]
[BlackElo "1710"]
[Annotator "RC"]
[PlyCount "115"]
[EventDate "2024.03.06"]
[EventType "swiss"]
[EventCountry "UKR"]
[SourceTitle "playchess.com"]
[Source "ChessBase"]
[SourceQuality "1"]
[TimeControl "600+5"]

1. d4 d5 2. c4 dxc4 3. e3 Nf6 4. Bxc4 e6 5. Nc3 a6 6. a4 Nc6 7. Nf3 Be7 8. O-O O-O 9. e4 Bb4 10. e5 Nd5 11. Ne4 Be7 12. Re1 h6 13. Ng3 b6 14. Bd2 Bb7 15. Rc1 Rc8 16. Qe2 Nb8 17. Rcd1 c5 18. dxc5 Bxc5 19. Ne4 Qe7 20. Nxc5 Qxc5 21. b3 Rfd8 22. h4 Nc6 23. Bxa6 Bxa6 24. Qxa6 Ndb4 25. Qe2 Nd3 26. Rf1 Ncxe5 27. Nxe5 Nxe5 28. Be3 Qa5 29. Rxd8+ Rxd8 30. Bxb6 Qxb6 31. Qxe5 Qxb3 32. Qe4 Qc3 33. g3 Rd4 34. Qe5 Qd2 35. Ra1 Qb2 36. Qe1 Rd2 37. Rd1 Re2 38. Qf1 Qc2 39. Ra1 Qb2 40. Rd1 Qc2 41. Rc1 Qb2 42. Rb1 Qc2 43. Ra1 Qb2 44. Re1 Rd2 45. a5 Qb4 46. a6 Ra2 47. Rb1 Qa5 48. Rb8+ Kh7 49. Qd3+ f5 50. Ra8 Qe1+ 51. Qf1 Qe4 52. Qg2 Qe1+ 53. Qf1 Qe4 54. Qg2 Qe1+ 55. Qf1 Qe4 56. Qg2 Qe1+ 57. Qf1 Qe4 58. Qg2 1-0

[Event "Memorial Ukrainian Chess Warriors 2024"]
[Site "Lviv"]
[Date "2024.03.15"]
[Round "7.26"]
[White "Rushynets, Ivan"]
[Black "Piuro, Vladyslav"]
[Result "0-1"]
[ECO "E70"]
[WhiteElo "1852"]
[BlackElo "2051"]
[Annotator "NA RC"]
[PlyCount "58"]
[EventDate "2024.03.06"]
[EventType "swiss"]
[EventCountry "UKR"]
[SourceTitle "playchess.com"]
[Source "ChessBase"]
[SourceQuality "1"]
[TimeControl "600+5"]

1. d4 Nf6 2. c4 g6 3. Nc3 Bg7 4. e4 d6 5. Be3 O-O 6. f3 c5 7. d5 e6 8. Bd3 exd5 9. exd5 Re8 10. Kf2 Na6 11. Qd2 Ng4+ 12. fxg4 Rxe3 13. Nf3 Bd4 14. Nxd4 cxd4 15. Rhf1 Rxd3 16. Qxd3 dxc3 17. Qxc3 Bxg4 18. Kg1 Nc5 19. Rf4 Qb6 20. Kh1 Bf5 21. Raf1 Ne4 22. Qf3 Nd2 23. Qg3 Nxf1 24. Rxf1 Qxb2 25. Qxd6 Re8 26. Qc7 Qe2 27. Rg1 Qf2 28. Qxb7 Re1 29. Qb8+ Kg7 0-1

[Event "Memorial Ukrainian Chess Warriors 2024"]
[Site "Lviv"]
[Date "2024.03.15"]
[Round "7.27"]
[White "Fishchuk, Vladyslav"]
[Black "Ivanov, Vladimir A."]
[Result "1-0"]
[ECO "A00"]
[WhiteElo "2203"]
[BlackElo "1887"]
[Annotator "RC"]
[PlyCount "92"]
[EventDate "2024.03.06"]
[EventType "swiss"]
[EventCountry "UKR"]
[SourceTitle "playchess.com"]
[Source "ChessBase"]
[SourceQuality "1"]
[TimeControl "600+5"]

1. Nc3 e5 2. Nf3 Nc6 3. d4 exd4 4. Nxd4 Nf6 5. Bg5 Nxd4 6. Qxd4 Be7 7. e4 d6 8. O-O-O O-O 9. f3 h6 10. Be3 a6 11. g4 Nd7 12. Nd5 Bf6 13. Nxf6+ Qxf6 14. Qxf6 Nxf6 15. h4 Nd7 16. Be2 Ne5 17. Rdg1 b5 18. h5 Be6 19. b3 d5 20. f4 Nc6 21. f5 Bd7 22. exd5 Nb4 23. Bf3 Rfe8 24. Bc5 a5 25. a3 Na6 26. Bd4 Rac8 27. f6 c5 28. dxc6 Bxc6 29. Bxc6 Rxc6 30. fxg7 Re4 31. Rd1 Nc5 32. Kb2 Ne6 33. Bc3 b4 34. axb4 axb4 35. Bd2 Rxg4 36. Bxh6 Nxg7 37. Bxg7 Kxg7 38. Rh2 Kh6 39. Rf1 f6 40. Rhf2 Kxh5 41. Rxf6 Rc7 42. Rf7 Rc6 43. R1f6 Rc8 44. Rf8 Rc7 45. Rf4 Rxf4 46. Rxf4 Rb7 1-0

[Event "Memorial Ukrainian Chess Warriors 2024"]
[Site "Lviv"]
[Date "2024.03.15"]
[Round "8.1"]
[White "Kislinsky, Alexey"]
[Black "Pavlov, Sergey"]
[Result "1/2-1/2"]
[ECO "B20"]
[WhiteElo "2361"]
[BlackElo "2451"]
[Annotator "TA"]
[PlyCount "38"]
[EventDate "2024.03.06"]
[EventType "swiss"]
[EventCountry "UKR"]
[SourceTitle "playchess.com"]
[Source "ChessBase"]
[SourceQuality "1"]
[TimeControl "600+5"]

1. e4 c5 2. b3 g6 3. Bb2 Nf6 4. e5 Nd5 5. Nc3 Nxc3 6. Bxc3 Bg7 7. h4 d5 8. exd6 {[%emt 0:00:13] White is slightly better.} Bxc3 9. dxc3 exd6 10. Bb5+ Nc6 11. Qe2+ Be6 12. O-O-O Qf6 13. Bxc6+ (13. Kb2 {feels hotter.} Rd8 14. Nh3 O-O 15. h5) 13... bxc6 14. Rxd6 {[%emt 0:01:00] [#] And now Qf3 would win.} (14. Kb2 {is more complex.} Rd8 15. h5 O-O 16. Re1) 14... Qxc3 {[%emt 0:01:31] White must now prevent ...Qa1+.} 15. Rxe6+ (15. Rxc6 $2 {too greedy.} Qa1+ 16. Kd2 Rd8+ (16... Qxa2 17. Rxe6+ fxe6 18. Qxe6+ Kf8 19. Qf6+ Kg8 20. Nf3 $16) 17. Ke3 Qc3+ $19 (17... Qxa2 18. Nf3 $17) (17... Qe5+ $2 18. Kf3 $19) (17... Qxa2 18. Rxc5 O-O 19. Nf3 $17) (17... Qe5+ $2 18. Kf3 $19)) (15. Kb1 {simplifies} O-O 16. Qd2 Qxd2 17. Rxd2 a5 18. Nh3) 15... fxe6 {[%emt 0:00:01] The position is equal.} 16. Qxe6+ Kf8 17. Qd6+ Kg8 18. Qe6+ (18. Nf3 $5 Qa1+ $8 19. Kd2 Qxh1 20. Qe6+ Kg7 21. Qe5+ (21. Qe7+ Kh6 $11) 21... Kg8 22. Qe6+ Kg7 23. Qe5+ (23. Qe7+ Kg8 $11) 23... Kg8 24. Qe6+ $11) 18... Kf8 {[%emt 0:00:00] [#] ( -> ...Rd8)} (18... Kg7 $5 19. Qe7+ $8 Kh6 20. Qg5+ Kg7 21. Qe7+ Kh6 22. Qg5+ Kg7 23. Qe7+ $11) 19. Qd6+ Kg8 {[%emt 0:00:01] Weighted Error Value: White=0.07 (flawless) /Black=0.06 (flawless) .  Inaccurate:     	White=2     	Black=2      OK:         	White=2     	Black=5      Best:        	White=2     	---} 1/2-1/2

[Event "Memorial Ukrainian Chess Warriors 2024"]
[Site "Lviv"]
[Date "2024.03.15"]
[Round "8.3"]
[White "Kravtsiv, Martyn"]
[Black "Shevchenko, Yaroslav"]
[Result "0-1"]
[ECO "B47"]
[WhiteElo "2598"]
[BlackElo "1971"]
[Annotator "TA"]
[PlyCount "56"]
[EventDate "2024.03.06"]
[EventType "swiss"]
[EventCountry "UKR"]
[SourceTitle "playchess.com"]
[Source "ChessBase"]
[SourceQuality "1"]
[TimeControl "600+5"]

1. e4 c5 2. Nf3 e6 3. d4 cxd4 4. Nxd4 Nc6 5. Nc3 Qc7 6. Be2 a6 7. O-O Nf6 8. Be3 Be7 9. f4 d6 10. Kh1 O-O 11. Qe1 Rb8 12. Qg3 Nxd4 (12... d5 $11) 13. Bxd4 $16 b5 {[%emt 0:00:02] White is better.} 14. e5 Ne8 15. exd6 Bxd6 16. Ne4 {[%emt 0:00:03][%cal Od4g7] [#] Black must now prevent Bxg7!} f6 $1 17. Bd3 Be7 18. Rae1 Bd7 19. c3 Rd8 20. b4 (20. Qe3 {simplifies} Qc8 21. Bc2 Nd6 22. Nxd6 Bxd6 23. Qd3) 20... Bc6 (20... f5 $14 21. Ng5 Bxg5 22. fxg5 Qxg3 23. hxg3 Nc7) 21. Nc5 Bxc5 22. Bxc5 ({But not} 22. bxc5 Bd5 $14) 22... Rf7 {[%emt 0:00:02] Black is weak on the dark squares} 23. Rxe6 $40 {[%emt 0:00:17][%mdl 128] [#] Threatens to win with Bc2. Black is in trouble.} Bd5 (23... g6 $16 {was necessary.} 24. Bd4 Ng7) 24. Rxa6 $18 Bxg2+ $2 (24... Qc8 {might work better.}) 25. Qxg2 Rxd3 26. Re1 Qd8 (26... Rd8 27. c4 bxc4) 27. Ra8 Rd1 28. Rxd8 Rxe1+ {[%emt 0:00:01][%mdl 32768] Weighted Error Value: White=0.21 (precise) /Black=0.50.  Mistake:       	---       	Black=5      Inaccurate:     	White=2     	---        OK:         	White=5     	Black=4      Best:        	White=2     	---        Strong:       	---       	Black=1     . Loss on time!?} 0-1

[Event "Memorial Ukrainian Chess Warriors 2024"]
[Site "Lviv"]
[Date "2024.03.15"]
[Round "8.4"]
[White "Dubnevych, Maksym"]
[Black "Baziuk, Vladyslav"]
[Result "1/2-1/2"]
[ECO "A45"]
[WhiteElo "2293"]
[BlackElo "2211"]
[Annotator "RC"]
[PlyCount "84"]
[EventDate "2024.03.06"]
[EventType "swiss"]
[EventCountry "UKR"]
[SourceTitle "playchess.com"]
[Source "ChessBase"]
[SourceQuality "1"]
[TimeControl "600+5"]

1. d4 Nf6 2. Nc3 d5 3. Bf4 c5 4. e4 Nxe4 5. Nxe4 dxe4 6. dxc5 Qa5+ 7. c3 Qxc5 8. Qa4+ Nc6 9. Qxe4 g6 10. Nf3 Bg7 11. Rd1 Qb6 12. Rd2 Bf5 13. Qe3 Qxe3+ 14. Bxe3 O-O 15. Bc4 Rad8 16. Bd5 e6 17. Bc4 Rxd2 18. Kxd2 Na5 19. Be2 b6 20. Nd4 Be4 21. f3 Bd5 22. b3 Rd8 23. Kc2 Rc8 24. Rd1 Nc6 25. Nxc6 Bxc6 26. Ba6 Rb8 27. Rd6 Be8 28. Bf4 e5 29. Bg5 Bf8 30. Rd2 Bc6 31. Bd8 e4 32. fxe4 Bxe4+ 33. Kb2 Bh6 34. Rd7 Bf5 35. Rd1 Bg4 36. Rd4 Be6 37. Bc7 Re8 38. Bb5 Rc8 39. Be5 Bg7 40. Bxg7 Kxg7 41. a4 Kf6 42. b4 Ke5 1/2-1/2

[Event "Memorial Ukrainian Chess Warriors 2024"]
[Site "Lviv"]
[Date "2024.03.15"]
[Round "8.5"]
[White "Grinev, Valeriy"]
[Black "Hnatyshyn, Anastasiya"]
[Result "1-0"]
[ECO "D30"]
[WhiteElo "2422"]
[BlackElo "2017"]
[Annotator "TA"]
[PlyCount "81"]
[EventDate "2024.03.06"]
[EventType "swiss"]
[EventCountry "UKR"]
[SourceTitle "playchess.com"]
[Source "ChessBase"]
[SourceQuality "1"]
[TimeControl "600+5"]

1. d4 d5 2. c4 e6 3. Nf3 Nf6 4. g3 dxc4 5. Qa4+ Nbd7 6. Bg2 a6 7. Qxc4 b5 8. Qc6 Ra7 9. Bf4 Bb7 10. Qc2 c5 11. Nbd2 {[%emt 0:01:25] The position is equal.} Ra8 12. O-O Rc8 13. Rac1 c4 14. e4 Be7 15. h4 h6 16. d5 exd5 17. e5 Ne4 18. Nd4 (18. Nxe4 $11 dxe4 19. Rfd1) 18... O-O (18... Ndc5 $1 $17 {aiming for ...Nd3.} 19. Nf5 g6 (19... O-O 20. Nxe4 dxe4 21. Qe2 $11) 20. Nxe4 dxe4 21. Nd6+ Bxd6 22. exd6 g5) 19. Nxe4 $11 dxe4 20. Rcd1 {[%emt 0:00:03][%cal Od4f5] Black must now prevent Nf5!} Re8 (20... Nc5 $11 21. Nf5 Qe8 (21... Nd3 22. Qe2 $11)) 21. Bxe4 (21. Qe2 $14 {stays ahead.} Bd5 22. Nf5) 21... Bxe4 $17 22. Qxe4 {[%emt 0:00:01] e6 would now be deadly.} Nc5 $36 {[%emt 0:00:02][%mdl 2048] Black has strong initiative.} 23. Qf3 Nd3 24. Nf5 Bf8 25. b3 Qb6 26. bxc4 bxc4 27. Qe4 (27. Qg4 $17 {was worth a try.} Kh8 (27... Nxe5 $2 {is the wrong capture.} 28. Bxe5 h5 29. Qf4 $18) 28. Nd6 Bxd6 29. exd6) 27... Qc6 ({Better is} 27... Qg6 $19 {...Rcd8 is the strong threat.} 28. Rd2 Nc5) 28. Qe3 $2 (28. Qxc6 $17 Rxc6 29. Rd2) 28... Qg6 29. Rxd3 Qxf5 30. Rc3 (30. Rd5 $17 {keeps fighting.}) 30... Bb4 31. Rcc1 c3 32. Qd4 {[%emt 0:00:03] [#]} a5 33. a3 Bxa3 (33... Red8 $19 34. Qb6 Bc5 (34... Bxa3 35. Rxc3 Bb4 36. Rxc8 $15) 35. Qxa5 c2) 34. Rxc3 $15 Bb2 35. Rxc8 Bxd4 36. Rxe8+ Kh7 {[%emt 0:00:00] With the idea ...a4.} 37. Rd8 Bc3 (37... Bxe5 $2 {loses.} 38. Rd5 f6 39. Rxa5 $18) 38. Rc1 Bb4 39. Rcc8 {[%emt 0:00:04] Strongly threatening Rh8+.} Qb1+ {[%emt 0:00:04] [#]} (39... Kg6 $11 {keeps the balance.}) 40. Kh2 $1 $16 {[%emt 0:00:07] Intending h5 and mate.} Qe4 $2 (40... Kg6 $16) 41. h5 {[%emt 0:00:04] What a bad dream for Black.   Weighted Error Value: White=0.29 (precise) /Black=0.55.  Loses game:     	White=1     	Black=1      Mistake:       	White=4     	Black=5      Inaccurate:     	---       	Black=5      OK:         	White=13    	Black=9      Best:        	White=4     	Black=4      Strong:       	White=1     	---} 1-0

[Event "Memorial Ukrainian Chess Warriors 2024"]
[Site "Lviv"]
[Date "2024.03.15"]
[Round "8.6"]
[White "Guivan, Vasily"]
[Black "Nedilko, Vasily"]
[Result "1/2-1/2"]
[ECO "A45"]
[WhiteElo "2013"]
[BlackElo "2324"]
[Annotator "ChessBase"]
[PlyCount "265"]
[EventDate "2024.03.06"]
[EventType "swiss"]
[EventCountry "UKR"]
[SourceTitle "playchess.com"]
[Source "ChessBase"]
[SourceQuality "1"]
[TimeControl "600+5"]

1. d4 Nf6 2. f3 d5 3. e4 dxe4 4. Nc3 e3 5. Bxe3 g6 6. Qd2 Bg7 7. O-O-O O-O 8. h4 h5 9. g4 Nbd7 10. Bh6 c5 11. Bxg7 Kxg7 12. Nh3 cxd4 13. Qxd4 Qb6 14. g5 Qxd4 15. Rxd4 Ne8 16. Bb5 Nb6 17. Nf2 Nd6 18. Re1 Nf5 19. Rf4 Be6 20. Bd3 Rac8 21. Bxf5 gxf5 22. Nd3 Rfd8 23. Rb4 Nd5 24. Nxd5 Bxd5 25. Re3 Bc6 26. Nf4 Rd6 27. Nxh5+ Kf8 28. Nf4 Rcd8 29. b3 Rd1+ 30. Kb2 Rf1 31. Re5 e6 32. g6 Rxf3 33. gxf7 Kxf7 34. Nxe6 Kf6 35. Nxd8 Kxe5 36. Nf7+ Kf6 37. Ng5 Rf2 38. Nh3 Rh2 39. Nf4 Be4 40. h5 Rxc2+ 41. Ka3 Rf2 42. Nh3 Rh2 43. Nf4 Kg5 44. Ne6+ Kxh5 45. Nc5 Bb1 46. Rxb7 Rxa2+ 47. Kb4 Kg4 48. Rg7+ Kf3 49. Ne6 Be4 50. Rf7 Ke3 51. Nc5 Ra1 52. Re7 Kf3 53. Rf7 Ra2 54. Na4 a6 55. Rf6 f4 56. Rxa6 Kf2 57. Re6 Bd3 58. Nc3 Ra1 59. Rd6 Be2 60. Ne4+ Ke3 61. Re6 f3 62. Ng5+ Kf2 63. Nxf3 Bxf3 64. Kc5 Rc1+ 65. Kb4 Kg3 66. Rf6 Be4 67. Ka5 Ra1+ 68. Kb6 Rb1 69. Kc5 Rxb3 70. Kd4 Bf3 71. Rf8 Rb1 72. Rh8 Rd1+ 73. Ke3 Re1+ 74. Kd4 Bg4 75. Rf8 Re7 76. Kd5 Bf3+ 77. Kd4 Kf2 78. Rf6 Re4+ 79. Kd3 Ra4 80. Rf8 Kg3 81. Rf6 Bg4 82. Ke3 Ra5 83. Rf8 Re5+ 84. Kd4 Re7 85. Rf6 Bf3 86. Rf8 Rh7 87. Rf6 Rh4+ 88. Ke5 Kf2 89. Rf8 Ra4 90. Rf6 Ke3 91. Rf8 Ra5+ 92. Kd6 Be4 93. Rh8 Kd4 94. Rh4 Ra6+ 95. Kc7 Rg6 96. Kd7 Rf6 97. Ke7 Ra6 98. Kf7 Ke5 99. Rh2 Ra7+ 100. Ke8 Bd5 101. Rh5+ Kd6 102. Kf8 Rf7+ 103. Ke8 Rg7 104. Rh8 Be6 105. Kf8 Rg3 106. Ke8 Ra3 107. Kf8 Rg3 108. Ke8 Rg4 109. Kf8 Rg5 110. Ke8 Rg6 111. Kf8 Kd7 112. Rh7+ Kd6 113. Rh8 Ke5 114. Rh2 Rg8+ 115. Ke7 Rg7+ 116. Kf8 Ra7 117. Rh6 Rf7+ 118. Kg8 Rf2+ 119. Kg7 Bf5 120. Rb6 Rg2+ 121. Kf7 Be4 122. Re6+ Kd5 123. Rf6 Rg5 124. Rb6 Ke5 125. Rh6 Bd5+ 126. Kf8 Rg8+ 127. Ke7 Rg7+ 128. Kf8 Ra7 129. Rh2 Rf7+ 130. Ke8 Rg7 131. Kf8 Ra7 132. Ke8 Kd6 133. Kf8 1/2-1/2

[Event "Memorial Ukrainian Chess Warriors 2024"]
[Site "Lviv"]
[Date "2024.03.15"]
[Round "8.7"]
[White "Lehinovych, Maksym"]
[Black "Sydoryka, Vladyslav"]
[Result "0-1"]
[ECO "A06"]
[WhiteElo "1618"]
[BlackElo "2310"]
[Annotator "RC"]
[PlyCount "84"]
[EventDate "2024.03.06"]
[EventType "swiss"]
[EventCountry "UKR"]
[SourceTitle "playchess.com"]
[Source "ChessBase"]
[SourceQuality "1"]
[TimeControl "600+5"]

1. Nf3 d5 2. g3 Bg4 3. Bg2 Nd7 4. h3 Bh5 5. O-O c6 6. c4 Bxf3 7. Bxf3 Ne5 8. Bg2 Nxc4 9. b3 Nb6 10. Bb2 e6 11. Nc3 Nf6 12. d3 d4 13. Nb1 h5 14. Nd2 h4 15. g4 Rc8 16. Nf3 c5 17. b4 Bd6 18. bxc5 Bxc5 19. a4 Qd6 20. a5 Nbd7 21. Qa4 e5 22. Nd2 b5 23. Qxb5 Rb8 24. Qa4 O-O 25. Ba3 Rfc8 26. Bxc5 Nxc5 27. Qa3 Nd5 28. Nc4 Qe6 29. Rfb1 Rxb1+ 30. Rxb1 Nc3 31. Rb2 e4 32. Bf1 exd3 33. exd3 Qe1 34. Nd6 Rc6 35. Rb8+ Kh7 36. Nxf7 Ne2+ 37. Kg2 Nf4+ 38. Kf3 Rf6 39. Rh8+ Kg6 40. Ne5+ Qxe5 41. g5 Qxg5 42. Qb2 Nfxd3+ 0-1